 Dungeon Crawl Stone Soup version 0.20-a0-870-g4070442 (console) character file.

238 hittembot the Shield-Bearer (level 5, 35/47 HPs)
             Began as a Minotaur Fighter on Mar 13, 2017.
             Quit the game on level 3 of the Dungeon.
             The game lasted 00:02:39 (2509 turns).

hittembot the Shield-Bearer (Minotaur Fighter)      Turns: 2509, Time: 00:02:40

Health: 35/47      AC:  7    Str: 20    XL:     5   Next: 78%
Magic:  4/4        EV:  8    Int:  5    God:
Gold:   121        SH: 10    Dex: 11    Spells: 4/4 levels left

rFire    . . .     SeeInvis .   a - +0 war axe
rCold    . . .     Gourm    .   b - +0 scale mail
rNeg     . . .     Faith    .   c - +0 shield
rPois    .         Spirit   .   (helmet restricted)
rElec    .         Reflect  .   (no cloak)
rCorr    .         Harm     .   (no gloves)
MR       .....                  (no boots)
Stlth    ..........             (no amulet)
Regen    0.2/turn               (no ring)
MPRegen  0.1/turn               (no ring)

@: no status effects
A: retaliatory headbutt, horns 2
a: no special abilities


You were on level 3 of the Dungeon.
You were not hungry.

You visited 1 branch of the dungeon, and saw 3 of its levels.

You collected 121 gold pieces.

Inventory:

Hand Weapons
 a - a +0 war axe (weapon)
Armour
 b - a +0 scale mail (worn)
 c - a +0 shield (worn)
Jewellery
 s - an uncursed amulet of harm {unknown}
Scrolls
 e - a scroll of recharging {unknown}
 h - 4 scrolls of identify {unknown}
 k - 4 scrolls of amnesia {unknown}
 l - 3 scrolls of magic mapping {unknown}
 n - a scroll of remove curse {unknown}
 t - a scroll of immolation {unknown}
 u - 2 scrolls of enchant armour {unknown}
Potions
 d - 2 potions of might
 m - a potion of lignification {unknown}
 o - a potion of flight {unknown}
 q - a potion of brilliance {unknown}
 r - a potion of haste {unknown}
Comestibles
 f - 3 bread rations
 g - 4 meat rations
 i - a royal jelly
 j - 3 fruits
 p - 14 chunks of flesh


   Skills:
 + Level 4.4 Fighting
 + Level 4.7 Axes
 + Level 4.6 Armour
 + Level 1.2 Dodging
 + Level 0.3 Stealth
 + Level 5.0 Shields


You had 4 spell levels left.
You didn't know any spells.

Dungeon Overview and Level Annotations

Branches:
Dungeon (3/15)

Altars:
Makhleb


Innate Abilities, Weirdness & Mutations

You reflexively headbutt those who attack you in melee.
You have a pair of horns on your head.


Message History

There is a strange disturbance nearby!
There is a strange disturbance nearby!
There is a strange disturbance nearby!
You miss something. You headbutt something. You block something's attack.
Something hits you but does no damage.
Your shield and scale mail prevent you from hitting something.
Something hits you. Something hits you but does no damage.
You closely miss something.
Something hits you but does no damage. x2
You completely miss something. Something hits you.
Something hits you but does no damage.
You barely miss something. Something hits you but does no damage.
You block something's attack.
You miss something. Something hits you but does no damage.
You miss something. Something hits you but does no damage.
You closely miss something. Your headbutt misses something.
You block something's attack. Something hits you.
You slash something!
Reactivating autopickup.
You feel a bit more experienced.
Are you sure you want to abandon this character and quit the game? (Confirm with "yes".)

#.# #....[.#... #.#
####>#...####.
###.###.............
#####...................
..........#.####.#######
####.#.#.#.# #.# #.#.#.#
#.# #.#.#.# #<# #@#...#
#.# #..))##### #.#
........# #(# ####...##
#.# ##.# #. ##


There were no monsters in sight!

Vanquished Creatures
  A hound (D:2)
  3 orc wizards (D:3)
  4 adders
  3 oozes
  A dart slug (D:2)
  10 orcs (D:3)
  3 giant cockroaches
  6 goblins
  7 hobgoblins
  7 jackals (D:1)
  A quokka (D:2)
  4 bats
  4 frilled lizards
  2 kobolds
  10 rats
66 creatures vanquished.

Notes
Turn   | Place    | Note
-------+----------+-------------------------------------------
     0 | D:1      | hittembot the Minotaur Fighter began the quest for the Orb.
     0 | D:1      | Reached XP level 1. HP: 19/19 MP: 0/0
   507 | D:1      | Reached XP level 2. HP: 27/27 MP: 1/1
   663 | D:1      | Reached skill level 4 in Shields
   962 | D:1      | Reached XP level 3. HP: 29/33 MP: 2/2
  1540 | D:2      | Reached XP level 4. HP: 40/40 MP: 3/3
  1660 | D:2      | Reached skill level 1 in Dodging
  1921 | D:2      | Found a burning altar of Makhleb.
  2193 | D:3      | Reached XP level 5. HP: 46/46 MP: 4/4
  2490 | D:3      | Reached skill level 5 in Shields
  2509 | D:3      | Quit the game

Vault maps used:
D:1:      shiori_arrival_elements, minmay_tetromino_i2
D:2:      makhleb_blood_cavern_becter

Skill      XL: |  1  2  3  4  5 |
---------------+----------------+-----
Fighting       | 4 |  4.4
Shields        | 4 5 |  5.0
Armour         | 4 |  4.6
Axes           | 3 4 |  4.7
Dodging        | 1 |  1.2
Stealth        | |  0.3

Action                   |  1- 3 |  4- 6 || total
-------------------------+-------+-------++-------
Melee: War axe           |    73 |    78 ||   151
       Headbutt          |    11 |    10 ||    21
  Eat: Chunk             |     2 |     3 ||     5
Armor: Scale mail        |    26 |    36 ||    62
Dodge: Dodged            |    22 |    28 ||    50
Block: Shield            |    38 |    47 ||    85
